 Dungeon Crawl Stone Soup version 0.28.0-43-g3370ac3207 (console) character file.

Game seed: 12131971258437032206

59768 Zeor the Spear-Bearer (level 14, -1/169 HPs)
             Began as a Demonspawn Gladiator on Mar 14, 2022.
             Was the Champion of Makhleb.
             Slain by Hesyel's ghost (5 damage)
             ... on level 1 of the Orcish Mines.
             The game lasted 01:20:22 (20013 turns).

Zeor the Spear-Bearer (Demonspawn Gladiator)       Turns: 20013, Time: 01:20:23

Health: -1/169     AC: 28    Str: 19    XL:     14   Next: 54%
Magic:  23/23      EV:  8    Int: 11    God:    Makhleb [******]
Gold:   1309       SH:  0    Dex: 14    Spells: 13/13 levels left

rFire   . . .      SeeInvis +   a - +3 trident (spect)
rCold   + + .      Faith    .   (no shield)
rNeg    . . .      Spirit   .   Q - +1 plate armour {rC+}
rPois   .          Reflect  .   l - +2 hat
rElec   .          Harm     .   U - +0 cloak
rCorr   .          Rampage  +   V - +2 pair of gloves
Will    +....                   S - +1 pair of boots {rampage}
Stlth   ..........              J - amulet of regeneration
HPRegen 1.18/turn               q - ring of protection from cold
MPRegen 0.18/turn               c - ring of see invisible

@: berserking, very quick
A: horns 2, yellow scales 1, powered by death 2, spiny 2
a: Renounce Religion, Minor Destruction, Lesser Servant of Makhleb, Major
Destruction, Greater Servant of Makhleb


You were on level 1 of the Orcish Mines.
You worshipped Makhleb.
Makhleb was exalted by your worship.
You visited 4 branches of the dungeon, and saw 21 of its levels.

You collected 1364 gold pieces.
You spent 55 gold pieces at shops.

Inventory:

Hand Weapons
 a - a +3 spectral trident (weapon)
 n - a +2 short sword of venom
 L - a +4 spear of venom
 Y - a +0 glaive
Missiles
 d - 3 throwing nets
 e - 69 bolts
 h - 291 arrows
 s - 11 boomerangs
Armour
 l - a +2 hat (worn)
 Q - a +1 plate armour of cold resistance (worn)
 S - a +1 pair of boots of rampaging (worn)
 U - a +0 cloak (worn)
 V - a +2 pair of gloves (worn)
Jewellery
 c - a ring of see invisible (right hand)
 q - a ring of protection from cold (left hand)
 w - a ring of fire
 F - a ring of flight
 J - an amulet of regeneration (around neck)
 X - a ring of ice
Wands
 f - a wand of digging (2)
 t - a wand of paralysis (4)
 I - a wand of charming (3)
 M - a wand of flame (15)
 W - a wand of iceblast (4)
Scrolls
 g - 7 scrolls of amnesia
 m - 10 scrolls of teleportation
 x - 4 scrolls of enchant weapon
 y - 5 scrolls of torment
 C - 6 scrolls of magic mapping
 D - a scroll of immolation
 G - 2 scrolls of blinking
 O - 4 scrolls of fear
 P - 2 scrolls of fog
 R - 6 scrolls of identify
Potions
 b - 3 potions of ambrosia
 i - 5 potions of flight
 j - a potion of haste
 k - 13 potions of curing
 o - 3 potions of berserk rage
 p - 2 potions of attraction
 r - 2 potions of cancellation
 u - 7 potions of heal wounds
 v - 2 potions of invisibility
 z - 2 potions of brilliance
 B - 2 potions of might
 H - 2 potions of magic
 T - a potion of resistance
Miscellaneous
 N - a phantom mirror


   Skills:
 + Level 11.1 Fighting
 + Level 14.6 Polearms
 + Level 2.7 Throwing
 * Level 12.3 Armour
 + Level 4.7 Dodging
 - Level 5.0 Stealth
 * Level 12.7 Invocations


You had 13 spell levels left.
You didn't know any spells.
Your spell library contained the following spells:

 Spells                   Type           Power      Damage    Failure   Level
 Animate Skeleton         Necr           0%         N/A       99%         1
 Apportation              Tloc           0%         N/A       99%         1
 Foxfire                  Conj/Fire      0%         2x1d4     99%         1
 Magic Dart               Conj           0%         1d3       99%         1
 Pain                     Necr           0%         1d4       99%         1
 Sandblast                Erth           0%         2d4       99%         1
 Summon Small Mammal      Summ           0%         N/A       99%         1
 Call Imp                 Summ           0%         N/A       100%        2
 Ensorcelled Hibernation  Hex/Ice        0%         N/A       100%        2
 Passwall                 Tmut/Erth      0%         N/A       100%        2
 Static Discharge         Conj/Air       0%         N/A       100%        2
 Sublimation of Blood     Necr           0%         N/A       100%        2
 Wereblood                Tmut           0%         N/A       100%        2
 Conjure Flame            Conj/Fire      0%         6-21      100%        3
 Inner Flame              Hex/Fire       0%         N/A       100%        3
 Mephitic Cloud           Conj/Pois/Air  0%         N/A       100%        3
 Spider Form              Tmut/Pois      0%         N/A       100%        3
 Stone Arrow              Conj/Erth      0%         3d7       100%        3
 Tukima's Dance           Hex            0%         N/A       100%        3
 Vampiric Draining        Necr           0%         2d6       100%        3
 Anguish                  Hex/Necr       0%         N/A       100%        4
 Animate Dead             Necr           0%         N/A       100%        4
 Dispel Undead            Necr           0%         3d6       100%        4
 Flame Wave               Conj/Fire      0%         2d4       100%        4
 Leda's Liquefaction      Hex/Erth       0%         N/A       100%        4
 Passage of Golubria      Tloc           0%         N/A       100%        4
 Petrify                  Tmut/Erth      0%         N/A       100%        4
 Sticky Flame             Conj/Fire      0%         2d3       100%        4
 Borgnjor's Vile Clutch   Necr/Erth      0%         N/A       100%        5
 Irradiate                Conj/Tmut      0%         3d13      100%        5
 Lee's Rapid Deconstruct  Erth           0%         3d5*      100%        5
 Lightning Bolt           Conj/Air       0%         1d11      100%        5
 Yara's Violent Unravell  Hex/Tmut       0%         3d3       100%        5
 Death Channel            Necr           0%         N/A       100%        6
 Statue Form              Tmut/Erth      0%         N/A       100%        6
 Summon Hydra             Summ           0%         N/A       100%        7
 Maxwell's Capacitive Co  Air            0%         ∞         100%        8


Dungeon Overview and Level Annotations

Branches:
Dungeon (13/15)            Temple (1/1) D:5            Lair (6/6) D:11
  Swamp (0/4) Lair:3       Spider (0/4) Lair:4        Slime (0/5) Lair:5
    Orc (1/2) D:11         Vaults (0/5) D:13

Altars:
Ashenzari
Cheibriados
Dithmenos
Elyvilon
Fedhas
Gozag
Hepliaklqana
Kikubaaqudgha
Makhleb
Nemelex Xobeh
Okawaru
Qazlal
Ru
Sif Muna
Trog
Uskayaw
Vehumet
Wu Jian
Xom
Yredelemnul
Zin
The Shining One
Jiyva
Lugonu

Shops:
D:10 *

Portals:
Abyss: Lair:4 Lair:6

Annotations:
D:11 2 transporters, exclusion: 2 oklob plants, Violens's ghost, novice MiBe
Orc:1 1 transporter, Hesyel's ghost, journeyman MiGl


Innate Abilities, Weirdness & Mutations

You have a pair of horns on your head.
You are partially covered in yellow scales. (AC +2)
You regenerate health from kills.
You are mostly covered in sharp spines.


Message History

The two-headed ogre is severely wounded.
Your +3 spectral trident hits the two-headed ogre from afar!
The two-headed ogre is struck by your spines.
You kill the two-headed ogre!
Makhleb accepts your kill.
You closely miss Hesyel's ghost. Your headbutt misses Hesyel's ghost.
Your +3 spectral trident hits Hesyel's ghost!!
You hit Hesyel's ghost but do no damage.
You headbutt Hesyel's ghost.
Hesyel's ghost is lightly damaged.
Your +3 spectral trident hits Hesyel's ghost but does no damage.
Hesyel's ghost hits you!! Hesyel's ghost burns you!
You swap places.
Hesyel's ghost hits you!!! Hesyel's ghost burns you!
* * * LOW HITPOINT WARNING * * *
You feel much better.
The two-headed ogre is struck by your spines.
The two-headed ogre hits you but does no damage.
The two-headed ogre barely misses you. Hesyel's ghost hits you.
Hesyel's ghost burns you.
A red film seems to cover your vision as you go berserk!
You feel yourself moving faster!
You feel mighty! Hesyel's ghost hits you!!
* * * LOW HITPOINT WARNING * * *
Hesyel's ghost burns you!
* * * LOW HITPOINT WARNING * * *
The two-headed ogre is struck by your spines.
The two-headed ogre hits you with the +0 great mace of Egomania {freeze, +Blink rC- Int+3}!!
* * * LOW HITPOINT WARNING * * *
The two-headed ogre freezes you.
* * * LOW HITPOINT WARNING * * *
The two-headed ogre completely misses you.
You barely miss Hesyel's ghost. You headbutt Hesyel's ghost.
Hesyel's ghost is lightly damaged.
Your +3 spectral trident completely misses Hesyel's ghost.
You hit Hesyel's ghost.
Hesyel's ghost is moderately damaged.
Your +3 spectral trident barely misses Hesyel's ghost.
Hesyel's ghost hits you!
* * * LOW HITPOINT WARNING * * *
Hesyel's ghost burns you.
You die...

▒
▒∙∙∙∙∙▒▒∙∙∙∙∙∙∙∙∙∙∙∙∙▒
▒
▒▒∙▒▒▒▒▒∙∙∙∙∙Ω∙Ω∙∙∙∙∙▒
▒ ▒▒▒ ▒▒▒▒▒▒▒▒▒▒▒▒▒▒▒
▒▒ ▒▒∙∙∙∙$"))∙∙$▒▒ ∙▒▒
▒∙▒∙O▒∙▒∙∙▒∙▒ ∙∙▒
▒∙∙▒▒∙∙∙▒▒∙∙▒ ∙▒▒
▒∙∙▒▒O∙∙▒▒∙∙▒ ▒▒
▒∙▒∙W▒O▒∙∙▒∙▒
▒∙∙(6OO∙∙∙∙Ω▒
▒▒▒▒▒▒▒▒▒▒▒▒▒


You could see 4 two-headed ogres, Hesyel's ghost and a friendly +3 spectral
trident (summoned).

Vanquished Creatures
  Harold (D:7)
  A catoblepas (Lair:6)
  8 hydras
  An ogre mage (D:13)
  5 boulder beetles
  A centaur warrior (D:13)
  5 two-headed ogres
  5 death yaks (Lair:3)
  An orc high priest (Orc:1)
  3 thrashing horrors (Lair:6)
  3 bog bodies (Lair:3)
  2 deep elf pyromancers (D:7)
  4 cyclopes
  4 ugly things
  3 elephants (Lair:6)
  5 black mambas
  10 cane toads
  3 unseen horrors
  2 gargoyles
  Psyche (D:10)
  2 rime drakes
  An ancient zyme (Lair:6)
  A kobold demonologist (D:7)
  11 komodo dragons
  4 trolls
  3 polar bears
  4 slime creatures (D:12)
  A hornet (D:10)
  21 blink frogs
  A raiju (shapeshifter) (D:13)
  2 large abominations (Lair:6)
  A spriggan (Lair:6)
  9 small abominations (Lair:6)
  2 culicivoras (Lair:4)
  12 yaks
  2 wraiths
  3 shadows
  4 wyverns
  2 ynoxinuls (Lair:6)
  5 basilisks
  3 chaos spawn (Lair:6)
  A redback (Lair:4)
  2 steam dragons (D:7)
  A fire elemental (Lair:4)
  An acid dragon (D:12)
  2 swamp worms (Lair:3)
  2 wargs (Orc:1)
  16 water moccasins
  2 hornet zombies
  13 orc warriors
  2 black bears
  9 ogres
  7 wolves
  2 necrophages
  5 centaurs
  A wyvern zombie (D:5)
  4 scorpions
  8 bullfrogs
  3 gnoll sergeants
  A water moccasin skeleton (D:6)
  2 wyvern skeletons
  17 wights
  A howler monkey (D:10)
  An electric eel (Lair:3)
  7 centaur zombies
  2 jellies
  2 bullfrog skeletons
  9 orc priests
  3 centaur skeletons
  5 hounds
  2 iguanas
  A scorpion zombie (D:5)
  14 hell rats (Lair:3)
  26 orc wizards
  A howler monkey zombie (D:8)
  11 gnolls
  2 howler monkey skeletons (D:7)
  7 adders
  4 white imps
  A worm (D:3)
  2 dart slugs
  50 orcs
  4 ball pythons
  5 bats
  3 giant cockroaches
  9 hobgoblins
  4 kobolds
  3 quokkas
  A frilled lizard (D:1)
  15 goblins
  5 rats
463 creatures vanquished.

Vanquished Creatures (collateral kills)
  An elephant (Lair:6)
  A guardian serpent (shapeshifter) (Lair:6)
  A smoke demon (Lair:6)
  3 blink frogs (Lair:6)
  A spriggan (Lair:6)
  4 yaks (Lair:3)
  2 water moccasins (Lair:3)
  A wolf (Lair:3)
14 creatures vanquished.

Vanquished Creatures (others)
  6 fungi
  A lurking horror (Lair:4)
  12 plants
19 creatures vanquished.

Grand Total: 496 creatures vanquished

Notes
Turn   | Place    | Note
-------+----------+-------------------------------------------
     0 | D:1      | Zeor the Demonspawn Gladiator began the quest for the Orb.
     0 | D:1      | Reached XP level 1. HP: 16/16 MP: 1/1
   279 | D:1      | Reached skill level 3 in Polearms
   490 | D:1      | Gained mutation: You are partially covered in sharp spines.
                  | [demonic ancestry]
   490 | D:1      | Reached XP level 2. HP: 22/22 MP: 2/2
  1178 | D:2      | Reached XP level 3. HP: 21/27 MP: 3/3
  1366 | D:2      | Found a shimmering altar of Xom.
  1876 | D:3      | Reached skill level 1 in Stealth
  1876 | D:3      | Reached XP level 4. HP: 16/33 MP: 4/4
  2390 | D:3      | Noticed an ogre
  2403 | D:3      | Reached skill level 4 in Polearms
  2410 | D:3      | Killed an ogre
  2411 | D:3      | Reached skill level 1 in Armour
  2411 | D:3      | Reached XP level 5. HP: 30/39 MP: 5/5
  2757 | D:4      | Reached skill level 5 in Polearms
  2778 | D:4      | Gained mutation: You have a pair of small horns on your
                  | head. [demonic ancestry]
  2778 | D:4      | Reached XP level 6. HP: 38/46 MP: 6/6
  3695 | D:5      | Entered Level 5 of the Dungeon
  3719 | D:5      | Reached skill level 6 in Polearms
  3721 | D:5      | Gained mutation: You regenerate a little health from kills.
                  | [demonic ancestry]
  3721 | D:5      | Reached XP level 7. HP: 47/52 MP: 7/7
  4098 | D:5      | Reached skill level 7 in Polearms
  4169 | D:5      | Found a staircase to the Ecumenical Temple.
  4233 | Temple   | Entered the Ecumenical Temple
  4409 | Temple   | Became a worshipper of Makhleb the Destroyer
  4587 | D:5      | Reached skill level 1 in Invocations
  4623 | D:5      | Gained mutation: You are partially covered in yellow
                  | scales. (AC +2) [demonic ancestry]
  4623 | D:5      | Reached XP level 8. HP: 52/60 MP: 8/8
  4949 | D:6      | Reached skill level 8 in Polearms
  5785 | D:6      | Reached skill level 9 in Polearms
  5793 | D:6      | Reached * piety under Makhleb
  5797 | D:6      | Reached XP level 9. HP: 66/66 MP: 11/11
  6881 | D:7      | Noticed Harold
  6896 | D:7      | Killed Harold
  6897 | D:7      | Reached skill level 5 in Fighting
  7151 | D:7      | Reached skill level 10 in Polearms
  7151 | D:7      | Reached skill level 5 in Armour
  7523 | D:7      | Reached ** piety under Makhleb
  7540 | D:7      | Noticed a deep elf pyromancer
  7544 | D:7      | Noticed a kobold demonologist
  7732 | D:7      | Noticed a soul eater
  7738 | D:7      | Killed a deep elf pyromancer
  7739 | D:7      | Gained mutation: You regenerate health from kills. [demonic
                  | ancestry]
  7739 | D:7      | Reached XP level 10. HP: 54/74 MP: 13/13
  7825 | D:7      | Noticed a deep elf pyromancer
  7834 | D:7      | Killed a deep elf pyromancer
  7835 | D:7      | Reached skill level 5 in Invocations
  8320 | D:8      | Reached skill level 11 in Polearms
  8564 | D:8      | Reached *** piety under Makhleb
  9921 | D:10     | Entered Level 10 of the Dungeon
 10001 | D:10     | Found Middom's General Store.
 10009 | D:10     | Bought a potion of heal wounds for 55 gold pieces
 10224 | D:10     | Noticed Psyche
 10232 | D:10     | Killed Psyche
 10251 | D:10     | Gained mutation: You have a pair of horns on your head.
                  | [demonic ancestry]
 10251 | D:10     | Reached XP level 11. HP: 81/81 MP: 15/15
 10307 | D:10     | Reached **** piety under Makhleb
 10658 | D:11     | Noticed an eight-headed hydra
 10668 | D:11     | Killed an eight-headed hydra
 10669 | D:11     | Reached skill level 12 in Polearms
 10698 | D:11     | Found a staircase to the Lair.
 10800 | D:11     | Noticed a boulder beetle
 10821 | D:11     | Killed a boulder beetle
 10828 | D:11     | Found a staircase to the Orcish Mines.
 10861 | D:11     | Found a transporter.
 10877 | D:11     | Noticed Violens's ghost (novice MiBe)
 10880 | D:11     | Noticed an oklob plant
 10885 | D:11     | Found a transporter.
 10886 | D:11     | Noticed a centaur warrior
 10887 | D:11     | Noticed an oklob plant
 10892 | D:11     | Noticed a white ugly thing
 10895 | D:11     | Noticed a white ugly thing
 10896 | D:11     | Noticed a white ugly thing
 11277 | Lair:1   | Entered Level 1 of the Lair of Beasts
 12062 | Lair:2   | Noticed a six-headed hydra
 12068 | Lair:2   | Killed a six-headed hydra
 12149 | Lair:2   | Reached skill level 13 in Polearms
 12304 | Lair:2   | Gained mutation: You are mostly covered in sharp spines.
                  | [demonic ancestry]
 12304 | Lair:2   | Reached XP level 12. HP: 89/89 MP: 18/18
 12525 | Lair:2   | Identified the +1 scale mail of the Bulwark {Harm rElec
                  | Str-5 Int+8}
 13040 | Lair:3   | Noticed a five-headed hydra
 13047 | Lair:3   | Killed a five-headed hydra
 13085 | Lair:3   | Noticed a death yak
 13090 | Lair:3   | Noticed a death yak
 13094 | Lair:3   | Noticed a death yak
 13095 | Lair:3   | Killed a death yak
 13096 | Lair:3   | Noticed a death yak
 13096 | Lair:3   | Noticed a death yak
 13101 | Lair:3   | Killed a death yak
 13107 | Lair:3   | Killed a death yak
 13115 | Lair:3   | Killed a death yak
 13121 | Lair:3   | Killed a death yak
 13122 | Lair:3   | Reached skill level 10 in Invocations
 13144 | Lair:3   | Reached ***** piety under Makhleb
 13628 | Lair:3   | Found a staircase to the Swamp.
 13919 | Lair:3   | Found a transporter.
 13919 | Lair:3   | Noticed a boulder beetle
 13920 | Lair:3   | Found a transporter.
 13920 | Lair:3   | Noticed a boulder beetle
 14506 | Lair:3   | Killed a boulder beetle
 14507 | Lair:3   | Killed a boulder beetle
 14550 | Lair:4   | Reached XP level 13. HP: 100/100 MP: 21/21
 14780 | Lair:4   | Found a corrupted altar of Lugonu.
 14781 | Lair:4   | Found a one-way gate to the infinite horrors of the Abyss.
 14895 | Lair:4   | Reached skill level 14 in Polearms
 15214 | Lair:4   | Found a hole to the Spider Nest.
 15816 | Lair:5   | Found a viscous altar of Jiyva.
 15817 | Lair:5   | Found a staircase to the Slime Pits.
 16527 | Lair:6   | Entered Level 6 of the Lair of Beasts
 16613 | Lair:6   | Reached skill level 5 in Stealth
 16654 | Lair:6   | Reached skill level 10 in Fighting
 16790 | Lair:6   | Reached skill level 10 in Armour
 17113 | Lair:6   | Found an ornate altar of the Wu Jian Council.
 17467 | Lair:6   | Reached XP level 14. HP: 111/111 MP: 23/23
 17471 | Lair:6   | Reached ****** piety under Makhleb
 17494 | Lair:6   | Found a corrupted altar of Lugonu.
 18715 | D:13     | Paralysed by an ogre mage for 6 turns
 18740 | D:13     | Found a gate to the Vaults.
 19634 | Orc:1    | Entered Level 1 of the Orcish Mines
 19894 | Orc:1    | Found a transporter.
 19897 | Orc:1    | Noticed Hesyel's ghost (journeyman MiGl)
 19897 | Orc:1    | Identified the +0 great mace of Egomania {freeze, +Blink
                  | rC- Int+3}
 20001 | Orc:1    | Found a transporter.
 20013 | Orc:1    | HP: 4/169 [Hesyel's ghost (16)]
 20013 | Orc:1    | Slain by Hesyel's ghost

Illustrated notes

Levels and vault maps discovered:
D:1:      evilmike_arrival_plus, layout_basic
D:2:      layout_basic, basic_altar
D:3:      layout_rooms, interstate_on_off, minmay_crystal_room, st_stairs_13,
          minmay_ogre_servants
D:4:      layout_loops_ring
D:5:      layout_loops_ring, minmay_temple_entry_trees
D:6:      minmay_flawed_box, layout_layer_cave, minmay_between
D:7:      minmay_chambers_of_sevens, layout_basic, uniq_harold
D:8:      layout_basic
D:9:      layout_loops_corners, elyvilon_altar_3
D:10:     layout_loops_ring, serial_shops, shop, minmay_misc_feat_hallway,
          uniq_psyche
D:11:     layout_small_grid, lair_entry_dummy, david_orc_3, nzn_ghost_randoct
D:12:     layout_basic
D:13:     layout_cave_pods, david_vaults_2
Temple:   nicolae_temple_the_god_donut
Lair:1:   layout_roguey, grunt_megastairs_4, serial_bayou_shore_b
Lair:2:   layout_long_grid
Lair:3:   gammafunk_boulding_lane, layout_layer_cave,
          nicolae_swamp_entry_splash_gauntlet, beast_lair_carwin_1
Lair:4:   layout_gridlike, spider_nest_entry_funnel_web,
          amcnicky_altar_lugonu_corruption
Lair:5:   layout_layer_cave, slime_altar_1, minivault_19, st_stairs_10
Lair:6:   hellmonk_lair_end_abyssal_woods, layout_cave_shapes, basic_altar
Orc:1:    layout_caves, gammafunk_ghost_smash, serial_shops, shop

Skill      XL: |  1  2  3  4  5  6  7  8  9 10 11 12 13 14 |
---------------+-------------------------------------------+-----
Polearms       | 3 4 5 6 7 9 10 11 13 14 | 14.6
Dodging        | 3 4 |  4.7
Stealth        | 1 2 3 4 5 |  5.0
Armour         | 1 2 3 5 6 7 8 10 12 | 12.3
Fighting       | 3 4 5 6 8 10 11 | 11.1
Invocations    | 1 2 4 6 9 10 12 | 12.7
Throwing       | 2 |  2.7

Action                   |  1- 3 |  4- 6 |  7- 9 | 10-12 | 13-15 || total
-------------------------+-------+-------+-------+-------+-------++-------
Melee: Trident           |    88 |    84 |   235 |   454 |   473 ||  1334
       Punch             |       |     2 |     2 |     9 |     2 ||    15
       Headbutt          |       |     6 |    46 |    78 |   121 ||   251
Throw: Throwing net      |       |       |     2 |     1 |       ||     3
Invok: Minor Destruction |       |       |     1 |    10 |     7 ||    18
       Lesser Servant of |       |       |       |     2 |     4 ||     6
       Major Destruction |       |       |       |     1 |     3 ||     4
Evoke: Wand              |       |       |     1 |       |       ||     1
  Use: Scroll            |     8 |     7 |     8 |     9 |     1 ||    33
       Potion            |       |     1 |     1 |     2 |     2 ||     6
 Stab: Sleeping          |     3 |       |       |     2 |       ||     5
       Distracted        |       |       |     1 |     7 |    12 ||    20
       Held in net/web   |       |       |     1 |       |       ||     1
Armor: Leather armour    |     5 |       |       |       |       ||     5
       Ring mail         |     3 |       |       |    12 |       ||    15
       Chain mail        |    16 |    28 |    93 |    51 |       ||   188
       Skin              |       |     6 |       |       |       ||     6
       Plate armour      |       |       |       |    48 |   149 ||   197
Dodge: Dodged            |    23 |     9 |    54 |    61 |    98 ||   245
